AoeStats
← dientee

Black Forest

508496267Analyzed
4v4 RM · 10d ago on Sep 22, 2026· 72m 57s· 8 players
Game mode
Random Map
Map size
Large (8 player)
Population
200
Speed
Normal
Resources
Standard
Victory
Conquest
Starting age
Dark Age
Ending age
Imperial Age
RankedLock teamsTeams togetherTeam positionsShared explorationLock speedFull tech treeHidden civsTurbo modeCheats
Victory
Defeat
🇮🇹 Persians · Italy
1009
+15
🇹🇷 Danes · Türkiye
1004
+15
🇨🇳 Saxons · China
998
+16
976
+17
🇦🇷 Mongols · Argentina
1062
-19
🇩🇪 Khmer · Germany
1036
-18
🇬🇧 Goths · United Kingdom
930
-13
🇮🇹 Romans · Italy
928
-13
The Official Game of the Movie
0:38 Loom
14:22 Feudal Age
19:32 Castle Age
18:27 Double-Bit Axe
19:01 Horse Collar
21:57 Wheelbarrow
22:00 Stone Mining
25:42 Fervor
26:13 Gold Mining
28:36 Heavy Plow
30:12 Bow Saw
30:31 Bloodlines
31:25 Town Watch
32:51 Caravan
33:04 Husbandry
33:25 Scale Barding Armor
33:38 Forging
33:43 Fletching
35:06 Hand Cart
35:33 Chain Barding Armor
35:40 Town Patrol
37:17 Iron Casting
37:53 Fletching
40:48 Imperial Age
38:35 Bodkin Arrow
40:47 Ballistics
40:38 Fortified Wall
40:57 Murder Holes
41:13 Masonry
40:43 Treadmill Crane
40:50 Elite Jarl
41:55 Conscription
40:59 Vendel Legacy
42:52 Blast Furnace
42:33 Plate Barding Armor
42:55 Bracer
45:44 Guilds
46:11 Siege Engineers
46:38 Architecture
47:12 Two-Man Saw
46:02 Cavalier
48:01 Chemistry
48:47 Light Cavalry
50:23 Onager
60:57 Man-at-Arms
63:23 Hussar
67:12 Capped Ram
68:27 Siege Ram
Korshent
0:27 Loom
11:53 Feudal Age
17:45 Castle Age
20:29 Double-Bit Axe
20:25 Horse Collar
21:35 Stone Mining
21:56 Bow Saw
24:21 Wheelbarrow
26:21 Gold Mining
26:18 Town Watch
29:02 Heavy Plow
32:34 Imperial Age
31:08 Stone Shaft Mining
30:48 Forging
30:45 Scale Barding Armor
30:33 Fletching
30:43 Padded Archer Armor
31:36 Hand Cart
31:36 Kamandaran
31:34 Crossbowman
33:26 Iron Casting
33:44 Chain Barding Armor
33:20 Bodkin Arrow
33:28 Caravan
39:08 Ballistics
39:49 Chemistry
38:36 Pikeman
39:16 Pikeman
39:57 Squires
39:43 Arson
40:02 Scale Mail Armor
44:12 Crop Rotation
44:43 Two-Man Saw
47:46 Plate Barding Armor
57:53 Leather Archer Armor
60:25 Ring Archer Armor
63:39 Chain Mail Armor
68:43 Halberdier
Kebabs&Roses
11:16 Feudal Age
12:44 Double-Bit Axe
15:18 Castle Age
14:20 Horse Collar
16:53 Bow Saw
18:08 Loom
21:26 Wheelbarrow
21:42 Fletching
23:04 Hand Cart
22:44 Crossbowman
24:46 Gold Mining
25:00 Heavy Plow
29:27 Imperial Age
26:44 Town Watch
28:05 Gold Shaft Mining
27:23 Stone Mining
28:00 Squires
27:45 Arson
28:14 Scale Barding Armor
28:20 Forging
28:12 Scale Mail Armor
28:44 Town Patrol
28:58 Forging
30:30 Caravan
30:46 Elite Varangian Guard
31:14 Gambesons
31:49 Chain Mail Armor
32:09 Iron Casting
33:57 Plate Mail Armor
37:11 Blast Furnace
38:14 Onager
43:51 Siege Onager
52:36 Pikeman
53:31 Siege Engineers
53:41 Halberdier
61:57 Conscription
60:58 Hamask
63:36 Ballistics
64:17 Chemistry
hold up
0:31 Loom
11:28 Feudal Age
15:46 Castle Age
15:42 Double-Bit Axe
15:40 Horse Collar
15:54 Gold Mining
22:23 Heavy Plow
24:47 Wheelbarrow
25:58 Bow Saw
26:19 Fletching
27:10 Gold Shaft Mining
26:27 Stone Mining
28:24 Bodkin Arrow
28:20 Town Watch
32:06 Imperial Age
30:29 Scale Mail Armor
30:40 Forging
30:32 Padded Archer Armor
30:47 Caravan
31:23 Hand Cart
31:23 Clerical Recruitment
32:54 Chain Mail Armor
32:45 Squires
32:31 Gambesons
32:32 Arson
33:18 Conscription
32:22 Elite Hearth Troop
32:37 Shield Wall
34:25 Plate Mail Armor
34:32 Iron Casting
35:08 Crop Rotation
34:50 Elite Varangian Guard
35:54 Bracer
42:06 Onager
43:01 Murder Holes
43:27 Ballistics
42:48 Treadmill Crane
44:09 Chemistry
45:29 Guard Tower
45:51 Fortified Wall
45:47 Siege Engineers
45:53 Masonry
48:14 Keep
47:27 Arrowslits
56:29 Architecture
59:20 Pikeman
59:21 Man-at-Arms
61:25 Two-Man Saw
61:02 Halberdier
70:03 Elite Skirmisher
70:48 Thumb Ring
70:03 Cranequins
-|pX|- Captain
11:55 Feudal Age
12:45 Double-Bit Axe
15:57 Castle Age
22:34 Horse Collar
23:37 Loom
23:37 Town Watch
24:29 Wheelbarrow
24:23 Bow Saw
24:26 Heavy Plow
25:35 Gold Mining
25:40 Stone Mining
26:35 Hand Cart
28:37 Ballistics
28:24 Scale Barding Armor
29:38 Chain Barding Armor
32:08 Imperial Age
31:15 Gold Shaft Mining
31:17 Stone Shaft Mining
31:15 Husbandry
31:26 Bloodlines
33:28 Conscription
33:10 Double Crossbow
33:15 Elite Ballista Elephant
35:11 Chemistry
35:51 Plate Barding Armor
37:34 Elite Battle Elephant
38:17 Tusk Swords
47:35 Forging
55:52 Caravan
58:13 Iron Casting
Sye the Red Voice
0:26 Loom
15:05 Feudal Age
16:26 Wheelbarrow
15:55 Double-Bit Axe
15:54 Horse Collar
17:03 Gold Mining
17:41 Stone Mining
26:03 Castle Age
24:21 Man-at-Arms
25:18 Forging
25:09 Scale Mail Armor
27:06 Long Swordsman
27:06 Pikeman
27:46 Squires
28:02 Hand Cart
28:01 Bow Saw
27:52 Heavy Plow
28:29 Stone Shaft Mining
29:17 Iron Casting
28:35 Fletching
29:54 Chain Mail Armor
29:41 Padded Archer Armor
35:53 Murder Holes
36:49 Anarchy
40:29 Imperial Age
40:03 Bodkin Arrow
40:23 Leather Archer Armor
40:18 Town Watch
42:16 Blast Furnace
43:34 Crop Rotation
42:57 Town Watch
46:29 Two-Man Saw
51:09 Elite Huskarl
52:46 Perfusion
54:11 Halberdier
57:38 Town Patrol
58:41 Two-Handed Swordsman
60:17 Champion
jollodianice
0:41 Loom
14:00 Feudal Age
18:32 Wheelbarrow
17:20 Man-at-Arms
18:14 Forging
18:07 Scale Mail Armor
24:02 Castle Age
23:20 Stone Mining
23:26 Gold Mining
24:43 Long Swordsman
25:25 Squires
26:09 Iron Casting
25:51 Chain Mail Armor
26:05 Double-Bit Axe
29:21 Bow Saw
32:50 Hand Cart
38:16 Imperial Age
38:22 Heavy Scorpion
40:40 Chemistry
40:01 Ballistics
46:18 Ballistas
47:24 Fletching
49:33 Pikeman
51:18 Blast Furnace
50:24 Scale Barding Armor
50:15 Halberdier
52:47 Gold Shaft Mining
52:33 Elite Centurion
65:20 Chain Barding Armor
dientee
12:23 Feudal Age
13:54 Loom
14:36 Double-Bit Axe
17:08 Castle Age
18:15 Bow Saw
18:24 Horse Collar
26:53 Heavy Plow
26:42 Town Watch
27:59 Wheelbarrow
28:00 Stone Mining
28:02 Gold Mining
30:03 Fletching
32:59 Imperial Age
31:19 Padded Archer Armor
31:46 Ballistics
31:53 Hand Cart
31:39 Town Patrol
32:36 Bodkin Arrow
32:57 Leather Archer Armor
34:16 Gold Shaft Mining
33:54 Bracer
33:25 Elite Mangudai
35:09 Chemistry
34:38 Capped Ram
36:06 Scale Barding Armor
36:46 Drill
36:45 Siege Ram
38:20 Stone Shaft Mining
38:27 Conscription
46:29 Bloodlines
46:32 Thumb Ring
46:53 Parthian Tactics
46:50 Chain Barding Armor
54:24 Coinage
53:54 Caravan
54:35 Coinage
55:11 Light Cavalry
55:55 Husbandry
57:12 Hussar
60:29 Forging
67:43 Banking
Connection lost

Rejoining the realm…

Still unreachable

The connection could not be restored.

Session expired

The server has moved on; the page needs a fresh start.